 Dungeon Crawl Stone Soup version 0.31-a0-986-g5e6e4ef867 (webtiles) character file.

Game seed: 18338513364649146447

710 avis the Nimble (level 7, 31/31 HPs)
             Began as a Felid Shapeshifter on Nov 7, 2023.
             Got out of the dungeon alive.
             The game lasted 00:23:53 (4611 turns).

avis the Nimble (Felid Shapeshifter)                Turns: 4611, Time: 00:23:54

Health: 31/31      AC:  2    Str: 10    XL:     7   Next: 40%
Magic:  8/8        EV: 22    Int: 12    God:
Gold:   211        SH:  5    Dex: 17    Spells: 6/6 levels left
                                        Lives:  1   Deaths: 1

rFire   . .          .
                       - Unarmed
rCold   + . .        (shield unavailable)
rNeg    . . .        (body armour unavailable)
rPois   .            (helmet unavailable)
rElec   .            (cloak unavailable)
rCorr   +            (gloves unavailable)
SInv    +            (boots unavailable)
Will    +....        m - amulet of reflection
Stlth   ++           s - ring of resist corrosion
HPRegen 0.25/turn    n - ring of protection from cold
MPRegen 0.11/turn

%: reflection
@: beast-form, quick
A: beast (slay +3), very small, claws 1, fangs 3, see invisible, speed 1, shaggy
fur 2, stealthy paws, no weapons or thrown items, no armour, multi-lived
a: Begin Untransformation


You escaped.
You were a hulking beast.
You visited 1 branch of the dungeon, and saw 5 of its levels.

You collected 211 gold pieces.

Inventory:

Jewellery
 m - an amulet of reflection (around neck)
 n - a ring of protection from cold (right paw)
 s - a ring of resist corrosion (left paw)
Talismans
 b - a beast talisman
 c - a flux talisman
 f - a maw talisman
Scrolls
 d - a scroll of fear {unknown}
 h - 5 scrolls of identify {unknown}
 i - 3 scrolls of poison {unknown}
 o - a scroll of brand weapon {unknown}
 p - a scroll of amnesia {unknown}
 r - 2 scrolls of fog {unknown}
 t - a scroll of blinking {unknown}
 u - a scroll of silence {unknown}
 v - a scroll of noise {unknown}
Potions
 e - a potion of cancellation {unknown}
 g - 3 potions of mutation {unknown}
 j - 3 potions of curing {unknown}
 k - a potion of enlightenment {unknown}
 l - a potion of haste {unknown}
 q - 2 potions of heal wounds {unknown}


   Skills:
 - Level 3.0 Fighting
 * Level 8.0 Dodging
 - Level 4.0 Unarmed Combat
 - Level 5.3 Shapeshifting


You had 6 spell levels left.
You didn't know any spells.
Your spell library contained the following spells:

 Spells                   Type           Power      Damage    Failure   Level
 Volatile Blastmotes      Fire/Tloc      0%         2d10      69%         3
 Fulminant Prism          Conj/Hex       0%         3d5       97%         4
 Iskenderun's Mystic Bla  Conj/Tloc      0%         2d3       97%         4


Dungeon Overview and Level Annotations

Branches:
Dungeon (5/15)
 Temple: D:4-7

Altars:
Hepliaklqana

Shops:
D:2 :

Annotations:
D:1 Sigmund
D:5 Pikel


Innate Abilities, Weirdness & Mutations

You are a hulking beast.
Your limbs bulge with bestial killing power. (Slay +3)
You have sharp claws.
You have razor-sharp teeth.
You have supernaturally acute eyesight. (SInv)
You cover ground quickly. (Speed+)
You are covered in thick fur. (AC +2)
Your paws help you pounce on unaware monsters.
You are incapable of wielding weapons or throwing items.
You cannot wear armour.
You gain extra lives every three experience levels.


Message History

You block the lemure's attack. The lemure hits you but does no damage.
The orc priest mumbles some strange prayers to Beogh against you.
Beogh smites you!
* * * LOW HITPOINT WARNING * * *
You hit Pikel but do no damage.
Pikel is moderately wounded.
You block the water moccasin's attack.
Pikel zaps a wand.
You resist with almost no effort.
The lemure hits you but does no damage. x2
The water moccasin bites you but does no damage.
The orc priest invokes the aid of Beogh against you.
Beogh smites you!
You die...
Your shape twists and changes as you die.
You feel less wooden.
You turn into a hulking beast.
You rejoin the land of the living...
There is a stone staircase leading up here.
You climb upwards.
There is a stone staircase leading down here.
What level of the Dungeon? (default 4, ? - help)
There is a stone staircase leading up here.
There is a stone staircase leading up here.
You climb upwards.
There is a stone staircase leading down here.
There is a stone staircase leading up here.
You climb upwards.
There is a stone staircase leading down here.
There is a stone staircase leading up here.
You climb upwards.
Level annotation: Sigmund
There is a stone staircase leading down here.
Sigmund enters a dispersal trap!
You blink.
Sigmund is nearby!
Things that are here:
a +2 dagger of protection; a +0 dagger
There is a large open door here.
There is an open door here.
There is an open door here.
There is a staircase leading out of the dungeon here.
You have escaped!

#.........# #........#####
#.........# #######....# ##
#.........# #8.........# #.
#.........### ###♣♣♣..#....###.
#...........# #.#####.#.^..##..
#...........###.'...#.#.......#
#...........##..#.♣.'.#...#####
#.........#.##'##...'.#@...####
#.........####h.#####.#........
######..### #..##PP.)#....###.
##.##########P⌠..#....###.
#......#####PPP......#...
#.......##.######...##...
#........................
######...#...............
#.......##..(.......#....
#...)...######..##.......


There were no monsters in sight!

Vanquished Creatures
  A phantom (D:4)
  A scorpion (D:4)
  A water moccasin zombie (D:4)
  2 bullfrog zombies (D:4)
  A hound (D:5)
  2 orc priests
  Jessica (D:1)
  A sleepcap (D:4)
  An orc wizard (D:5)
  A hound zombie (D:4)
  A hound skeleton (D:4)
  10 gnolls
  7 adders
  An adder zombie (D:4)
  2 dart slugs
  9 orcs
  7 ball pythons
  11 endoplasms
  4 giant cockroaches
  8 goblins
  4 hobgoblins
  4 jackals (D:1)
  9 kobolds
  4 quokkas
  6 bats
  A frilled lizard (D:2)
  5 rats
105 creatures vanquished.

Notes
Turn   | Place    | Note
-------+----------+-------------------------------------------
     0 | D:1      | avis the Felid Shapeshifter began the quest for the Orb.
     0 | D:1      | Reached XP level 1. HP: 9/9 MP: 2/2
   142 | D:1      | Reached skill level 3 in Dodging
   148 | D:1      | Reached XP level 2. HP: 9/12 MP: 3/3
   183 | D:1      | Found a faded altar of an unknown god.
   575 | D:2      | Noticed Jessica
   576 | D:2      | Noticed Sigmund
   891 | D:1      | Killed Jessica
   892 | D:1      | Reached skill level 4 in Dodging
   892 | D:1      | Reached XP level 3. HP: 14/16 MP: 4/4
   918 | D:2      | Reached XP level 4. HP: 19/19 MP: 5/5
   936 | D:2      | Reached skill level 5 in Dodging
  1368 | D:2      | Found Ypated's Book Boutique.
  1703 | D:2      | Reached XP level 5. HP: 3/23 MP: 6/6
  2079 | D:3      | Found a hazy altar of Hepliaklqana.
  2423 | D:3      | Reached skill level 6 in Dodging
  2974 | D:4      | Gained mutation: You are covered in thick fur. (AC +2)
                  | [Felid growth]
  2974 | D:4      | Reached XP level 6. HP: 14/28 MP: 7/7
  3306 | D:4      | Reached skill level 7 in Dodging
  3545 | D:4      | Reached skill level 5 in Shapeshifting
  3545 | D:4      | Reached XP level 7. HP: 20/31 MP: 8/8
  4310 | D:5      | Entered Level 5 of the Dungeon
  4528 | D:5      | Noticed Pikel
  4541 | D:5      | Reached skill level 8 in Dodging
  4542 | D:5      | Killed from afar by an orc priest
  4611 | D:$      | Got out of the dungeon alive.

Illustrated notes

Levels and vault maps discovered:
D:1:      sevenhm_arrival_forest_fort_small_3, layout_rooms,
          basic_ecumenical_altar
D:2:      layout_rooms, serial_shops, shop, uniq_sigmund, uniq_jessica
D:3:      layout_basic, lemuel_crystal_altar
D:4:      layout_basic, serial_undead, serial_undead_e, serial_undead_c,
          serial_undead_a, serial_undead_c
D:5:      layout_rooms, nicolae_dithmenos_through_a_glass_darkly,
          grunt_decor_one_mirror, serial_bayou_lagoon_a, nrook_mini_vaults,
          uniq_pikel

Skill      XL: |  1  2  3  4  5  6  7 |
---------------+----------------------+-----
Dodging        | 3 4 5 6 7 8 |  8.0
Fighting       | 2 3 |  3.0
Unarmed Combat | 4 |  4.0
Shapeshifting  | 5 |  5.3

Action                     |  1- 3 |  4- 6 |  7- 9 || total
---------------------------+-------+-------+-------++-------
  Melee: Unarmed           |    65 |   194 |    74 ||   333
         Bite              |     5 |    17 |    12 ||    34
         Punch             |     2 |     5 |     3 ||    10
    Use: Potion            |       |       |     1 ||     1
   Stab: Sleeping          |     1 |     6 |     1 ||     8
 Armour: Skin              |    18 |    62 |    34 ||   114
  Dodge: Dodged            |    52 |   140 |    38 ||   230
  Block: Other             |       |    14 |    14 ||    28

Table legend: (Time is in decaauts)
 A = Elapsed time spent in this place.
 B = Non-inter-level travel time spent in this place.
 C = Inter-level travel time spent in this place.
 D = Time resting spent in this place.
 E = Time spent auto-exploring this place.
 F = Levels seen in this place.
 G = Mean time per level.
                   A        B        C        D        E       F      G
               +--------+--------+--------+--------+--------+-----+--------+
         Total |   4003 |   3586 |    417 |   1031 |   1260 |   5 |  800.6 |
       Dungeon |   4003 |   3586 |    417 |   1031 |   1260 |   5 |  800.6 |
               +--------+--------+--------+--------+--------+-----+--------+

Top non-repeatable levels by time:
     D:3: 1255 daAuts
     D:4: 972 daAuts
     D:2: 873 daAuts
     D:1: 816 daAuts
     D:5: 84 daAuts
